[Event "*** SCC Grand Prix: Titled Tuesday Blitz"]
[Site "Chess.com"]
[Date "2020.07.07"]
[Round "5"]
[White "Thee-Chessboy"]
[Black "GukeshDommaraju"]
[Result "0-1"]
[WhiteElo "2532"]
[BlackElo "2716"]
[TimeControl "180+1"]
[EndTime "10:54:33 PDT"]
[Termination "GukeshDommaraju won by resignation"]

1. d4 Nf6 2. c4 e6 3. Nf3 d5 4. g3 dxc4 5. Qa4+ Nbd7 6. Qxc4 a6 7. Bf4 c5 8. dxc5 Bxc5 9. Bg2 b5 10. Qb3 Bb7 11.
O-O O-O 12. Nc3 Qb6 13. Rad1 Rfd8 14. h3 h6 15. g4 Nf8 16. Bg3 Ne4 17. Nxe4 Bxe4 18.
Ne5 Bxg2 19. Kxg2 Bd4 20. Qf3 Bxe5 21. Bxe5 Ng6 22. Bg3 Rac8 23. Rxd8+ Qxd8 24. Qb7 Rc2 25. Qxa6 Qd5+ 26. Kg1 Rxb2 27. Rc1 Rxa2 28. Qc8+ Kh7 29. e3 b4 30. Qc7 b3 31. Qxf7 b2 0-1

[Event "*** SCC Grand Prix: Titled Tuesday Blitz"]
[Site "Chess.com"]
[Date "2020.07.07"]
[Round "5"]
[White "abykhovsky"]
[Black "Sanyura"]
[Result "0-1"]
[WhiteElo "2679"]
[BlackElo "2497"]
[TimeControl "180+1"]
[EndTime "10:54:33 PDT"]
[Termination "Sanyura won by checkmate"]

1. d4 Nf6 2. Nf3 g6 3. c4 Bg7 4. Nc3 O-O 5. Bg5 d6 6. e3 c6 7. Be2 a6 8. O-O b5 9. b4 bxc4 10. Bxc4 a5 11. b5 cxb5 12. Nxb5 Bb7 13. a4 Nbd7 14.
Nd2 Nb6 15. Bb3 Qd7 16. Qe2 Rfc8 17. e4 h6 18. Bxf6 Bxf6 19. e5 dxe5 20. dxe5 Bg5 21. Nf3 Qg4 22. e6 f5 23. Kh1 Nd5 24. h3 Qxg2+ 25. Kxg2 Nf4+ 26. Kh2 Nxe2 27. Ne5 Bf4# 0-1

[Event "*** SCC Grand Prix: Titled Tuesday Blitz"]
[Site "Chess.com"]
[Date "2020.07.07"]
[Round "5"]
[White "CzechmVIII"]
[Black "2346PL"]
[Result "0-1"]
[WhiteElo "2192"]
[BlackElo "2401"]
[TimeControl "180+1"]
[EndTime "10:54:34 PDT"]
[Termination "2346PL won on time"]

1. e4 c5 2. Nf3 Nf6 3. Nc3 Nc6 4. Bb5 Nd4 5. e5 Nxb5 6. Nxb5 Nd5 7. Ng5 f6 8. Qf3 Nb4 9. exf6 exf6 10. O-O Be7 11. Qh5+ g6 12. Qh6 fxg5 13. Qg7 Rf8 14. Qxh7 Qb6 15. Re1 Qf6 16. Re2 Kd8 17. d4 Rh8 18. Qxe7+ Qxe7 19. Rxe7 Kxe7 20. Bxg5+ Kf7 21. Re1 Rf8 22.
dxc5 Nc6 23. Nd6+ Kg8 24. c3 b6 25. b4 bxc5 26. b5 Nd8 27. Re7 Nf7 0-1

[Event "*** SCC Grand Prix: Titled Tuesday Blitz"]
[Site "Chess.com"]
[Date "2020.07.07"]
[Round "5"]
[White "alexrustemov"]
[Black "ChessWarrior7197"]
[Result "0-1"]
[WhiteElo "2730"]
[BlackElo "2890"]
[TimeControl "180+1"]
[EndTime "10:54:35 PDT"]
[Termination "ChessWarrior7197 won by resignation"]

1. d4 d5 2. c4 e6 3. Nc3 c5 4. cxd5 exd5 5. Nf3 Nc6 6. g3 Nf6 7. Bg2 cxd4 8. Nxd4 Bc5 9. Nb3 Bb6 10. O-O d4 11. Na4 O-O 12. Bg5 Re8 13. Re1 h6 14. Nxb6 axb6 15. Bxf6 Qxf6 16. Bxc6 bxc6 17. Qxd4 Qd8 18.
Qc3 c5 19. Rad1 Qc7 20. Nc1 Ba6 21. f3 Rad8 22. Kf2 Rd7 23. Rxd7 Qxd7 24. Nd3 Rd8 25. a3 h5 26. Nf4 h4 27. Qe5 Re8 28. Qd5 Qe7 29. Ng2 h3 30. Nf4 Qe3+ 31. Kf1 g6 32. b4 Kg7 33. bxc5 bxc5 34. Qc6 Bc4 35. Qb7 g5 36. Nxh3 Bxe2+ 37. Rxe2 Qxe2+ 38. Kg1 Qe1+ 0-1

[Event "*** SCC Grand Prix: Titled Tuesday Blitz"]
[Site "Chess.com"]
[Date "2020.07.07"]
[Round "5"]
[White "JiiHart"]
[Black "Quattroporte300"]
[Result "0-1"]
[WhiteElo "2125"]
[BlackElo "2293"]
[TimeControl "180+1"]
[EndTime "10:54:35 PDT"]
[Termination "Quattroporte300 won on time"]

1. e4 e5 2. Nf3 Nc6 3. d4 exd4 4. Nxd4 Nf6 5. Nc3 Bb4 6. Nxc6 bxc6 7. Bd2 O-O 8. Bd3 d5 9. O-O Re8 10. exd5 cxd5 11.
Re1 Rxe1+ 12. Qxe1 c6 13. Nxd5 Nxd5 14. Bxb4 Nxb4 15.
Qxb4 g6 16. Re1 Be6 17. Qc5 Bd5 18. f3 Rb8 19. b3 Qd7 20. Re7 Qd8 21. Qxa7 Ra8 22.
Qe3 Qd6 23. c4 Be6 24. Rb7 Rxa2 25. g3 Bh3 0-1

[Event "*** SCC Grand Prix: Titled Tuesday Blitz"]
[Site "Chess.com"]
[Date "2020.07.07"]
[Round "5"]
[White "TigrVShlyape"]
[Black "vovachesss"]
[Result "1/2-1/2"]
[WhiteElo "2891"]
[BlackElo "2577"]
[TimeControl "180+1"]
[EndTime "10:54:36 PDT"]
[Termination "Game drawn by agreement"]

1. d4 Nf6 2. Nf3 e6 3. Bf4 d5 4.
e3 Bd6 5. Ne5 c5 6. c3 Qc7 7. Nd2 O-O 8. Bd3 Nc6 9. Nxc6 bxc6 10.
Bxd6 Qxd6 11. Rc1 e5 12. dxe5 Qxe5 13. Nf3 Qe7 14. O-O Bg4 15. Be2 Rfb8 16. b3 a5 17. c4 a4 18. cxd5 cxd5 19. Qc2 axb3 20. axb3 Rc8 21.
Rfe1 h6 22. h3 Bh5 23. Qb2 Rab8 24. Qc2 Qb7 25. Nd2 Bxe2 26. Rxe2 Qb4 27. Qd3 Qa3 28. Qc2 Qb4 29. Ree1 Rb5 30. Qc3 1/2-1/2

[Event "*** SCC Grand Prix: Titled Tuesday Blitz"]
[Site "Chess.com"]
[Date "2020.07.07"]
[Round "5"]
[White "RaunakSadhwani2005"]
[Black "Ziachess74"]
[Result "1-0"]
[WhiteElo "2916"]
[BlackElo "2646"]
[TimeControl "180+1"]
[EndTime "10:54:37 PDT"]
[Termination "RaunakSadhwani2005 won by resignation"]

1. e4 c5 2. Nc3 Nc6 3. Bb5 Nd4 4. Nf3 Nxb5 5. Nxb5 d6 6. d4 a6 7. Nc3 cxd4 8.
Nxd4 e6 9. Qd3 Nf6 10. Bg5 Be7 11. O-O-O O-O 12. f4 Ne8 13. h4 Bd7 14. Bxe7 Qxe7 15. g4 Rc8 16. g5 b5 17. h5 b4 18. Nce2 Nc7 19. Qg3 Nb5 20. f5 exf5 21. exf5 Bxf5 22. Nxf5 Qxe2 23. Rd2 Qe4 24. Rf1 Qc4 25. Rdf2 Rc7 26. g6 hxg6 27. hxg6 Qxa2 28. gxf7+ Rfxf7 29. Nh6+ Kf8 30.
Rxf7+ Rxf7 31. Rxf7+ 1-0

[Event "*** SCC Grand Prix: Titled Tuesday Blitz"]
[Site "Chess.com"]
[Date "2020.07.07"]
[Round "5"]
[White "QuintilianoR"]
[Black "1f3_2g41-0"]
[Result "1-0"]
[WhiteElo "2664"]
[BlackElo "2300"]
[TimeControl "180+1"]
[EndTime "10:54:37 PDT"]
[Termination "QuintilianoR won by checkmate"]

1. Nf3 d5 2. e3 Nf6 3. c4 e6 4. Nc3 Be7 5. b3 O-O 6. Bb2 c5 7. cxd5 exd5 8. d4 Nc6 9. Bb5 cxd4 10. Nxd4 Nxd4 11. Qxd4 a6 12. Be2 b5 13. O-O Bb7 14. Bf3 Rc8 15. Rad1 Bc5 16. Qd3 Qa5 17. Nxd5 Nxd5 18.
Bxd5 Bxd5 19. Qxd5 Qxa2 20. Bxg7 Kxg7 21. Qg5+ Kh8 22.
Qf6+ Kg8 23. Rd5 h6 24. Qxh6 f5 25. Qg6+ Kh8 26. Rd7 Qb2 27. Qh7# 1-0

[Event "*** SCC Grand Prix: Titled Tuesday Blitz"]
[Site "Chess.com"]
[Date "2020.07.07"]
[Round "5"]
[White "Alkhoori90"]
[Black "Glidzhian_Gor"]
[Result "1-0"]
[WhiteElo "2261"]
[BlackElo "2445"]
[TimeControl "180+1"]
[EndTime "10:54:37 PDT"]
[Termination "Alkhoori90 won by resignation"]

1. e4 c6 2. c4 d5 3. exd5 cxd5 4. cxd5 Nf6 5. Nc3 Nxd5 6. Nf3 Nc6 7. Bb5 e6 8. O-O Be7 9. Re1 O-O 10. d4 Bf6 11.
Ne4 a6 12. Ba4 Nce7 13. a3 b5 14. Bc2 Bb7 15. Qd3 Rc8 16. Nc5 g6 17. Nxb7 Qb6 18. Nc5 Rfd8 19. b4 Nf5 20. Bg5 Bxg5 21. Nxg5 Nf4 22. Qf3 Rxd4 23. Nge4 Nd5 24. Rad1 Rd8 25. g4 Nh4 26. Qg3 Rxd1 27. Rxd1 Nf4 28. Qxf4 Rxd1+ 29. Bxd1 Qd8 30. Qd6 1-0

[Event "*** SCC Grand Prix: Titled Tuesday Blitz"]
[Site "Chess.com"]
[Date "2020.07.07"]
[Round "5"]
[White "Ceejay271"]
[Black "DonBroca"]
[Result "1-0"]
[WhiteElo "2332"]
[BlackElo "2129"]
[TimeControl "180+1"]
[EndTime "10:54:37 PDT"]
[Termination "Ceejay271 won by resignation"]

1. c4 Nf6 2. Nc3 g6 3. e4 d6 4. d4 Bg7 5. Nf3 Nc6 6. d5 Ne5 7. Nxe5 dxe5 8. Be2 O-O 9. O-O Ne8 10. Be3 f5 11. f3 e6 12. c5 a6 13. b4 Bd7 14.
Rc1 c6 15. Bc4 Qe7 16. Qb3 Nf6 17. dxe6 Bc8 18. exf5 gxf5 19. Rfe1 Re8 20. Bg5 h6 21. Bh4 Bxe6 22. Rxe5 Bxc4 23. Qxc4+ Qf7 24. Qxf7+ Kxf7 25. Rxf5 Kg6 26. Rf4 h5 27. Rd1 Re3 28. Bxf6 Bxf6 29.
Rd6 Rf8 30. Ne4 Rxe4 31. fxe4 Kg5 32. Rfxf6 Rxf6 33. Rxf6 Kxf6 34. Kf2 Ke5 35. Ke3 h4 36. g3 hxg3 37. hxg3 Kf6 38. Kf4 Ke6 39. g4 Kf6 40.
a4 Kg6 41. a5 Kf6 42. g5+ Kg6 43. Kg4 Kf7 44. Kf5 Kg7 45. e5 Kf7 46. e6+ Ke7 47.
Ke5 Kf8 48. Kf6 Ke8 49. g6 Kf8 50. e7+ Ke8 51. Ke6 1-0

[Event "*** SCC Grand Prix: Titled Tuesday Blitz"]
[Site "Chess.com"]
[Date "2020.07.07"]
[Round "5"]
[White "Rish_97"]
[Black "Alexander_Zubov"]
[Result "1-0"]
[WhiteElo "2666"]
[BlackElo "2932"]
[TimeControl "180+1"]
[EndTime "10:54:39 PDT"]
[Termination "Rish_97 won by resignation"]

1. d4 Nf6 2. Nf3 g6 3. g3 d5 4. Bg2 c6 5. O-O Bg7 6. c4 dxc4 7. a4 O-O 8. Na3 Na6 9. Nxc4 Be6 10. b3 Bd5 11.
Ba3 Ne4 12. Rc1 c5 13. dxc5 Naxc5 14. Ne3 Bxb3 15. Qxd8 Rfxd8 16. Bxc5 Nxc5 17. Rxc5 Bxa4 18. Nh4 Rd7 19. Rb1 Bd4 20. Rc4 b5 21. Rxd4 Rxd4 22. Bxa8 a5 23. Bc6 1-0

[Event "*** SCC Grand Prix: Titled Tuesday Blitz"]
[Site "Chess.com"]
[Date "2020.07.07"]
[Round "5"]
[White "IMUffeVinther-Schou"]
[Black "Stormeman100100"]
[Result "1-0"]
[WhiteElo "2279"]
[BlackElo "2423"]
[TimeControl "180+1"]
[EndTime "10:54:40 PDT"]
[Termination "IMUffeVinther-Schou won by resignation"]

1. e4 e5 2. Nf3 Nc6 3. Nc3 Nf6 4. Bb5 Nd4 5. Bc4 Bc5 6. d3 d6 7. Na4 Bg4 8. Nxc5 dxc5 9. Bxf7+ Kxf7 10. Nxe5+ Kg8 11.
Nxg4 Nxg4 12. c3 Ne5 13. cxd4 Qxd4 14. O-O Nxd3 15. Qb3+ c4 16. Qxb7 Rf8 17. Be3 Qxb2 18. Qd5+ Rf7 19. Rab1 c6 20. Qe6 Qe5 21. Qxc4 Nf4 22.
Rb7 Ne6 23. Bd4 Qxe4 24. Rb8+ Rf8 25. Rfb1 h6 26. Rxf8+ Kxf8 27. Bxg7+ Kxg7 28. Qxe4 1-0

[Event "*** SCC Grand Prix: Titled Tuesday Blitz"]
[Site "Chess.com"]
[Date "2020.07.07"]
[Round "5"]
[White "hectorfiori"]
[Black "JesseKraai"]
[Result "0-1"]
[WhiteElo "2323"]
[BlackElo "2490"]
[TimeControl "180+1"]
[EndTime "10:54:43 PDT"]
[Termination "JesseKraai won by checkmate"]

1. e4 e6 2. d4 d5 3. Nd2 c5 4. exd5 Qxd5 5. Ngf3 cxd4 6. Bc4 Qd7 7. Nb3 Nc6 8. O-O Nf6 9. Nbxd4 Nxd4 10. Nxd4 a6 11. Re1 Bc5 12. c3 O-O 13. Bg5 Qc7 14. Bxf6 gxf6 15.
Qh5 Kh8 16. Qh6 Be7 17. Re4 Rg8 18. Rh4 Rg7 19. Bd3 f5 20. Rh3 Bd7 21. Re1 Bg5 22. Qh5 Rag8 23. g3 Bf6 24. Nf3 Bc6 25. Nd4 Bxd4 26. cxd4 Qd6 27. Bf1 Qd5 28. Rh4 Qh1# 0-1

[Event "*** SCC Grand Prix: Titled Tuesday Blitz"]
[Site "Chess.com"]
[Date "2020.07.07"]
[Round "5"]
[White "Xeniya2005"]
[Black "cukin84"]
[Result "1-0"]
[WhiteElo "2364"]
[BlackElo "2171"]
[TimeControl "180+1"]
[EndTime "10:54:43 PDT"]
[Termination "Xeniya2005 won by resignation"]

1. e4 c6 2. d4 d5 3. Nd2 a6 4.
c3 dxe4 5. Nxe4 Bf5 6. Ng3 Bg6 7. h4 h6 8. Nf3 Nd7 9. h5 Bh7 10. Bd3 Bxd3 11. Qxd3 Ngf6 12. Bd2 e6 13. O-O-O Qc7 14. Ne4 Nxe4 15. Qxe4 Nf6 16. Qe2 Bd6 17. g3 O-O 18. g4 Bf4 19. g5 hxg5 20. Nxg5 Nd5 21. Qd3 Bxd2+ 22. Rxd2 Nf6 23. Qf3 Qa5 24. Rg1 Qxa2 25. Rdd1 Qa1+ 26. Kc2 Qa4+ 27. Kd2 Qb5 28. h6 Qxb2+ 29.
Ke1 Nd5 30. Ne4 g6 31. Nf6+ Kh8 32. Nxd5 f5 33. Qg3 exd5 34. Qe5+ 1-0

[Event "*** SCC Grand Prix: Titled Tuesday Blitz"]
[Site "Chess.com"]
[Date "2020.07.07"]
[Round "5"]
[White "EnergeticHay"]
[Black "Savva09022009"]
[Result "0-1"]
[WhiteElo "2249"]
[BlackElo "2463"]
[TimeControl "180+1"]
[EndTime "10:54:44 PDT"]
[Termination "Savva09022009 won by resignation"]

1. e4 c5 2. Nf3 Nc6 3. d4 cxd4 4. Nxd4 Nf6 5. Nc3 d6 6. Bg5 e6 7. Qd2 h6 8. Bxf6 Qxf6 9. Nxc6 bxc6 10. O-O-O Qd8 11.
f4 Be7 12. Be2 O-O 13. Rhf1 e5 14. Kb1 exf4 15. Qxf4 Be6 16. Bg4 Bc4 17. Be2 Be6 18. Bg4 Rb8 19. Bxe6 fxe6 20. Qg4 Qd7 21. Qe2 Bf6 22.
e5 Qb7 23. b3 Bxe5 24. Rxf8+ Rxf8 25. Na4 Qb4 26. c4 Rb8 27. Kc2 Qa3 28. Nc3 Qa5 29. Na4 Rf8 30. Rf1 Qd8 31. Rxf8+ Qxf8 32. h3 Qf5+ 33. Qd3 Qf2+ 34. Qd2 Qf1 35. Nc3 Qf5+ 36. Kb2 Bxc3+ 37. Kxc3 Qe5+ 38. Kc2 Kf7 39. Qf2+ Qf5+ 40.
Qxf5+ exf5 41. Kd3 Ke6 42. Kd4 c5+ 43. Ke3 Ke5 44. h4 g5 45. hxg5 hxg5 46. g3 g4 47.
a3 d5 48. cxd5 Kxd5 49. Kd3 a6 50. a4 a5 0-1

[Event "*** SCC Grand Prix: Titled Tuesday Blitz"]
[Site "Chess.com"]
[Date "2020.07.07"]
[Round "5"]
[White "coalescenet"]
[Black "ammarzooqi"]
[Result "1-0"]
[WhiteElo "2393"]
[BlackElo "2176"]
[TimeControl "180+1"]
[EndTime "10:54:45 PDT"]
[Termination "coalescenet won by resignation"]

1. d4 Nf6 2. c4 g6 3. Nc3 d5 4. Bg5 dxc4 5. e3 Bg7 6. Bxc4 O-O 7. h3 c5 8. Nf3 Nc6 9. d5 Na5 10. Qe2 Nxc4 11. Qxc4 b6 12. O-O h6 13. Bf4 Ne8 14. Rfe1 Nd6 15. Qd3 f5 16. Be5 Bb7 17.
a4 Qd7 18. Bxg7 Kxg7 19. Ne5 Qe8 20. Qe2 Rf6 21. Rad1 Rd8 22. Nd3 Ne4 23. Nf4 g5 24. Nh5+ Kg6 25. Nxe4 fxe4 26. Nxf6 exf6 27. Qc4 Rd6 28.
b4 Qxa4 29. Qxe4+ Kf7 30. Qh7+ Ke8 31. bxc5 Rxd5 32. Qg8+ Ke7 33. Rxd5 Qb4 34. Red1 1-0

[Event "*** SCC Grand Prix: Titled Tuesday Blitz"]
[Site "Chess.com"]
[Date "2020.07.07"]
[Round "5"]
[White "GelmanAlexander"]
[Black "VladimirBugayev"]
[Result "1-0"]
[WhiteElo "2534"]
[BlackElo "2244"]
[TimeControl "180+1"]
[EndTime "10:54:46 PDT"]
[Termination "GelmanAlexander won by checkmate"]

1. c4 c6 2. Nf3 d5 3. b3 Nf6 4. Bb2 e6 5. d3 Bd6 6. Nbd2 Nbd7 7. Rg1 e5 8. g4 h6 9. h4 Qe7 10. g5 hxg5 11. hxg5 Nh5 12. Qc2 Nf4 13. e3 Ng6 14.
O-O-O Ba3 15. Bxa3 Qxa3+ 16. Kb1 a5 17. Qb2 Qd6 18.
Be2 a4 19. b4 a3 20. Qc3 Ra4 21. c5 Qb8 22. Ka1 O-O 23. Rh1 Re8 24. Nh4 Ndf8 25.
Nxg6 Nxg6 26. Bh5 Bf5 27. e4 d4 28. Qb3 Qa7 29. exf5 Nh8 30. Ne4 g6 31. Nf6+ Kf8 32.
Bg4 gxf5 33. Rxh8+ Kg7 34. Rxe8 fxg4 35. Rg8# 1-0

[Event "*** SCC Grand Prix: Titled Tuesday Blitz"]
[Site "Chess.com"]
[Date "2020.07.07"]
[Round "5"]
[White "mirochka"]
[Black "guillejr"]
[Result "1-0"]
[WhiteElo "2122"]
[BlackElo "1941"]
[TimeControl "180+1"]
[EndTime "10:54:46 PDT"]
[Termination "mirochka won by resignation"]

1. e4 c5 2. b4 cxb4 3. a3 d5 4. exd5 Qxd5 5. Nf3 g6 6. Bb2 Nf6 7. axb4 Bg7 8. b5 O-O 9. Be2 Bg4 10. c4 Qe6 11.
O-O Nbd7 12. d3 Nc5 13. Nbd2 Rfd8 14. h3 Bf5 15. Nd4 Qd7 16. N2f3 Ne8 17. Nxf5 Bxb2 18. Ra2 Bf6 19. Nh6+ Kg7 20. Ng4 Nxd3 21. Rd2 Nxf2 22. Rxd7 Nxd1 23. Rfxd1 e6 24. Nxf6 Kxf6 25. Rxd8 1-0

[Event "*** SCC Grand Prix: Titled Tuesday Blitz"]
[Site "Chess.com"]
[Date "2020.07.07"]
[Round "5"]
[White "InitiatingASC"]
[Black "Diego_FloresQ"]
[Result "0-1"]
[WhiteElo "2333"]
[BlackElo "2495"]
[TimeControl "180+1"]
[EndTime "10:54:47 PDT"]
[Termination "Diego_FloresQ won by checkmate"]

1. d4 Nf6 2. c4 c5 3. Nf3 cxd4 4. Nxd4 e5 5. Nb3 d5 6. e3 Nc6 7. cxd5 Qxd5 8. Qxd5 Nxd5 9. a3 Be6 10. N3d2 Rc8 11.
Bb5 a6 12. Bxc6+ Rxc6 13. O-O Be7 14. e4 Nf4 15. Nf3 Rxc1 16. Nc3 Rxa1 17. Rxa1 f6 18. Rd1 Kf7 19. g3 Ng6 20. Re1 Rd8 21. Kg2 Bc5 22.
Re2 Ne7 23. h4 Rd3 24. Na4 Bg4 25. Rc2 Bxf3+ 26. Kh2 Rd1 27. g4 Bd4 28. Kg3 Bxe4 29. Rc7 Rg1+ 30. Kh3 Bxf2 31. Nc5 Rh1# 0-1

[Event "*** SCC Grand Prix: Titled Tuesday Blitz"]
[Site "Chess.com"]
[Date "2020.07.07"]
[Round "5"]
[White "ElCoachRene"]
[Black "dodorox"]
[Result "1/2-1/2"]
[WhiteElo "2228"]
[BlackElo "2076"]
[TimeControl "180+1"]
[EndTime "10:54:47 PDT"]
[Termination "Game drawn by agreement"]

1. d4 Nf6 2. Bf4 e6 3. e3 d5 4.
Nd2 Bd6 5. Bg3 O-O 6. Bd3 b6 7. Qe2 Bb7 8. Ngf3 c5 9. c3 Nc6 10. Ne5 Qe7 11. f4 Nd7 12. Qh5 g6 13. Qh6 f6 14. Nxc6 Bxc6 15. O-O Rae8 16. Nf3 Qg7 17. Qh3 e5 18. Nd2 exd4 19. exd4 Re3 20. Rf3 Rfe8 21. Raf1 f5 22. Bf2 Rxf3 23. Qxf3 Nf6 1/2-1/2

[Event "*** SCC Grand Prix: Titled Tuesday Blitz"]
[Site "Chess.com"]
[Date "2020.07.07"]
[Round "5"]
[White "attack2mateU"]
[Black "ShimanovAlex"]
[Result "0-1"]
[WhiteElo "2627"]
[BlackElo "2876"]
[TimeControl "180+1"]
[EndTime "10:54:48 PDT"]
[Termination "ShimanovAlex won by resignation"]

1. e4 d5 2. exd5 Qxd5 3. Nc3 Qa5 4. d4 Nf6 5. Nf3 c6 6. Bc4 Bf5 7. Bd2 Nbd7 8. Qe2 Qc7 9. Ne5 e6 10. f4 h5 11. Bb3 Nb6 12. Nd1 O-O-O 13. c3 h4 14. Ne3 Be4 15. O-O Nbd5 16. N3g4 Bf5 17. c4 Nxg4 18. cxd5 Nxe5 19. fxe5 Qb6 20. dxc6 bxc6 21.
Be3 Kb8 22. Rac1 Qb7 23. Ba4 Be4 24. Rc3 Bb4 25. Rb3 Bd5 26. Rxf7 Qxf7 27. Rxb4+ Ka8 28. Qa6 Qc7 29. Bg5 Rb8 30. Rxb8+ Rxb8 31. Bxh4 Rxb2 32. Bf2 Rb1+ 0-1

[Event "*** SCC Grand Prix: Titled Tuesday Blitz"]
[Site "Chess.com"]
[Date "2020.07.07"]
[Round "5"]
[White "margarita_2703"]
[Black "Balla_Tamas"]
[Result "1-0"]
[WhiteElo "2397"]
[BlackElo "2510"]
[TimeControl "180+1"]
[EndTime "10:54:48 PDT"]
[Termination "margarita_2703 won by resignation"]

1. Nf3 c5 2. c4 Nc6 3. Nc3 g6 4. d4 cxd4 5. Nxd4 Bg7 6. Nxc6 bxc6 7. e4 d6 8. g3 Rb8 9. Bg2 Qc7 10. O-O Nf6 11.
Qc2 O-O 12. b3 a5 13. Bb2 Nd7 14. Rad1 Nc5 15. Rfe1 a4 16. Nxa4 Nxa4 17. Bxg7 Kxg7 18. bxa4 c5 19. Qc3+ f6 20. Rb1 Bd7 21. Rb5 Bxb5 22. axb5 Ra8 23. e5 Rxa2 24. exf6+ Rxf6 25. b6 Qd8 26. b7 Rxf2 27. Qe3 e5 28. Qxf2 Rxf2 29. Kxf2 Qb6 30. Kg1 Kf6 31. Rf1+ Ke7 32. Bd5 Ke8 33. Rf7 e4 34. Rxh7 Qb1+ 35. Kg2 Qb2+ 36. Kh3 e3 37. b8=Q+ Qxb8 38. Rh8+ Ke7 39. Rxb8 Kf6 40. Rb1 Ke5 41. Re1 Kd4 42. Kg4 Kd3 43. Kf3 Kd2 44.
Rxe3 1-0

[Event "*** SCC Grand Prix: Titled Tuesday Blitz"]
[Site "Chess.com"]
[Date "2020.07.07"]
[Round "5"]
[White "boo786"]
[Black "ViktoriyaTarasova"]
[Result "1-0"]
[WhiteElo "2423"]
[BlackElo "2245"]
[TimeControl "180+1"]
[EndTime "10:54:48 PDT"]
[Termination "boo786 won by resignation"]

1. Nf3 Nf6 2. c4 c6 3. Nc3 d5 4. e3 Bf5 5. cxd5 cxd5 6. Qb3 Bc8 7. d4 e6 8. Bd2 Bd6 9. Nb5 a6 10. Nxd6+ Qxd6 11. Bb4 Qd8 12. Ne5 Nbd7 13. Nxd7 Nxd7 14.
Bd3 f5 15. g4 Nf6 16. gxf5 exf5 17. O-O-O Be6 18. Kb1 Kf7 19. Rhg1 g6 20. Rc1 Qd7 21.
Qa3 Rhc8 22. Bd6 Rxc1+ 23. Rxc1 Rc8 24. Rxc8 Qxc8 25. f3 Nd7 26. Qb4 Qc6 27. Bf4 b5 28. Bg5 Kg8 29. Qe7 Nf8 30. Bh6 1-0

[Event "*** SCC Grand Prix: Titled Tuesday Blitz"]
[Site "Chess.com"]
[Date "2020.07.07"]
[Round "5"]
[White "VishnuPrasanna"]
[Black "suyu28"]
[Result "1-0"]
[WhiteElo "2749"]
[BlackElo "2575"]
[TimeControl "180+1"]
[EndTime "10:54:49 PDT"]
[Termination "VishnuPrasanna won by resignation"]

1. e4 e5 2. Nf3 Nc6 3. Bc4 Nf6 4. d3 Bc5 5. c3 a6 6. O-O d6 7. h3 Ba7 8. Re1 h6 9. d4 O-O 10. Bb3 Re8 11. Bc2 exd4 12. cxd4 Nb4 13. Nc3 Nxc2 14. Qxc2 Be6 15. Bf4 Rc8 16. Rad1 c6 17. Qd2 d5 18. e5 Ne4 19. Nxe4 dxe4 20. Rxe4 Bd5 21. Re3 Bxa2 22. b3 c5 23. Qxa2 cxd4 24. Red3 Qd5 25. Nxd4 Qe4 26. Qd2 Rcd8 27. Bg3 h5 28. Nf3 Rc8 29.
Qf4 Qg6 30. Rd6 Qc2 31. Ng5 Rf8 32. Rd7 Qxb3 33. Qe4 g6 34. R7d3 Qc4 35. Qxc4 Rxc4 36. Rd7 Rb4 37. h4 a5 38. e6 fxe6 39. Nxe6 Re8 40.
Nc7 Rf8 41. Nd5 Rg4 42. Ne7+ Kf7 43. Nf5+ Ke6 44. Ng7+ 1-0

[Event "*** SCC Grand Prix: Titled Tuesday Blitz"]
[Site "Chess.com"]
[Date "2020.07.07"]
[Round "5"]
[White "googlegoom"]
[Black "Angel_Hranitel_37"]
[Result "1-0"]
[WhiteElo "2529"]
[BlackElo "2381"]
[TimeControl "180+1"]
[EndTime "10:54:49 PDT"]
[Termination "googlegoom won on time"]

1. Nf3 Nf6 2. b3 g6 3. Bb2 Bg7 4.
e3 O-O 5. d4 b6 6. Be2 Bb7 7.
O-O d5 8. Nbd2 c5 9. c4 e6 10. Rc1 Nbd7 11. Qc2 Rc8 12. Qb1 Qc7 13. dxc5 bxc5 14.
Qa1 Rfd8 15. Rfd1 Qa5 16. h3 Ne8 17. Nh2 Bxb2 18. Qxb2 Ndf6 19. Ndf3 h5 20. Ne5 d4 21.
exd4 cxd4 22. Bf3 Qxe5 23. Bxb7 Rc7 24. Bf3 Qf4 25. Qd2 Qxd2 26. Rxd2 e5 27. Re1 Re7 28. Bd1 e4 29. Nf3 Re6 30. Ng5 Re5 31. h4 Nd6 32. Bc2 Nb7 33. Nxe4 Nxe4 34. Rxe4 Rxe4 35. Bxe4 Nc5 36.
Bd5 d3 37. b4 Na6 38. a3 Nc7 39. Rxd3 Re8 40. Kf1 1-0

[Event "*** SCC Grand Prix: Titled Tuesday Blitz"]
[Site "Chess.com"]
[Date "2020.07.07"]
[Round "5"]
[White "FabianoCaruana"]
[Black "Sankalp_Gupta2003"]
[Result "1-0"]
[WhiteElo "2987"]
[BlackElo "2831"]
[TimeControl "180+1"]
[EndTime "10:54:51 PDT"]
[Termination "FabianoCaruana won on time"]

1. d4 Nf6 2. Nf3 e6 3. g3 b5 4.
Bg2 Bb7 5. O-O Be7 6. c3 O-O 7. a4 b4 8. a5 Na6 9. Nbd2 c5 10. Re1 Rc8 11. e4 bxc3 12. bxc3 cxd4 13. cxd4 Bb4 14. Ba3 Bxa3 15. Rxa3 d6 16. Qb1 Rc7 17. Rb3 Ba8 18. h3 Qc8 19. e5 dxe5 20. dxe5 Nd5 21. Ng5 g6 22. Nde4 h6 23. Nd6 Qd7 24. Nge4 Kg7 25. h4 Nc5 26. Nxc5 Rxc5 27. Rb8 Nc3 28. Qb4 Rxb8 29. Qxc5 Bxg2 30. Kxg2 Nd5 31. Rd1 Rb2 32. Rd3 Kh7 33. Rf3 Rb7 34. Nxb7 Qxb7 35. a6 Qd7 36. Qf8 1-0

[Event "*** SCC Grand Prix: Titled Tuesday Blitz"]
[Site "Chess.com"]
[Date "2020.07.07"]
[Round "5"]
[White "Volodar_Murzin"]
[Black "realmadridtv"]
[Result "1-0"]
[WhiteElo "2677"]
[BlackElo "2472"]
[TimeControl "180+1"]
[EndTime "10:54:51 PDT"]
[Termination "Volodar_Murzin won by resignation"]

1. e4 e5 2. Nf3 Nc6 3. Bb5 a6 4. Ba4 Nf6 5. O-O Nxe4 6. d4 Be7 7. Re1 b5 8. Rxe4 d5 9. Nxe5 Nxe5 10. Rxe5 bxa4 11.
b3 O-O 12. Rxe7 Qxe7 13. Ba3 Qf6 14. Bxf8 Kxf8 15. Nc3 axb3 16. axb3 c6 17. Qd2 Bf5 18. Na4 g5 19. Nc5 Qe7 20. Re1 Qf6 21. Qe3 Ra7 22.
Qe8+ Kg7 23. c3 h6 24. Re5 g4 25. Re3 a5 26. Kf1 h5 27. Ke2 a4 28. bxa4 h4 29. Qb8 Re7 30. Rxe7 Qxe7+ 31. Qe5+ Qxe5+ 32. dxe5 h3 33. gxh3 g3 34. hxg3 Bxh3 35. a5 1-0

[Event "*** SCC Grand Prix: Titled Tuesday Blitz"]
[Site "Chess.com"]
[Date "2020.07.07"]
[Round "5"]
[White "Zmof"]
[Black "zmeeed67"]
[Result "0-1"]
[WhiteElo "2212"]
[BlackElo "2434"]
[TimeControl "180+1"]
[EndTime "10:54:51 PDT"]
[Termination "zmeeed67 won by resignation"]

1. e4 c5 2. Nf3 Nf6 3. Nc3 d5 4. exd5 Nxd5 5. Bc4 Nb6 6. Bb5+ Bd7 7. Bxd7+ N8xd7 8.
O-O e6 9. d4 cxd4 10. Nxd4 Be7 11. b3 O-O 12. Bb2 Rc8 13. Ne4 Re8 14. c4 Nf6 15.
Qe2 Nxe4 16. Qxe4 Qc7 17. Rad1 a6 18. Rfe1 Bf6 19. Qg4 Nd7 20. Nb5 axb5 21. Rxd7 Qa5 22. Red1 Bxb2 23. Qf3 Bf6 24. Qxb7 bxc4 25. Rxf7 cxb3 26.
axb3 Qh5 27. Rdd7 Rc1+ 0-1

[Event "*** SCC Grand Prix: Titled Tuesday Blitz"]
[Site "Chess.com"]
[Date "2020.07.07"]
[Round "5"]
[White "teacher4chess"]
[Black "Konek-Gorbunok"]
[Result "1-0"]
[WhiteElo "2018"]
[BlackElo "2275"]
[TimeControl "180+1"]
[EndTime "10:54:52 PDT"]
[Termination "teacher4chess won on time"]

1. d4 c5 2. d5 e5 3. e4 d6 4. g4 Nf6 5. f3 Nxe4 6. fxe4 Qh4+ 7. Kd2 Bxg4 8. Be2 Bxe2 9. Qxe2 Be7 10. Nf3 Qh3 11.
Nc3 O-O 12. Rg1 f5 13. Rg3 Qh6+ 14. Kd1 f4 15. Rg4 Nd7 16. Bd2 Nf6 17. Rg2 Kh8 18.
b3 Rg8 19. Ng5 Raf8 20. Ne6 Re8 21. Kc1 g5 22. Kb2 g4 23. Rag1 Qh5 24. Nxf4 exf4 25. Bxf4 Bf8 26. h3 1-0